 Dungeon Crawl Stone Soup version 0.17-a0-2115-g0d8b93e (webtiles) character file.

40 Ishikawa the Magician (level 3, -3/26 HPs)
             Began as a Mummy Wizard on Oct 20, 2015.
             Killed from afar by Sigmund (6 damage)
             ... with a magic dart
             ... on level 2 of the Dungeon.
             The game lasted 00:03:09 (814 turns).

Ishikawa the Magician (Mummy Wizard)                 Turns: 814, Time: 00:03:10

Health: -3/26      AC:  6    Str: 10    XL:     3   Next: 30%
Magic:  2/7        EV:  7    Int: 18    God:
Gold:   125        SH:  0    Dex: 10    Spells: 3 memorised, 2 levels left

rFire  x x .     SeeInvis .     l - +0 mace
rCold  + + .     Clarity  .     a - +0 robe
rNeg   + + +     SustAt   .     (no shield)
rPois  ∞         Gourm    .     b - +0 hat
rElec  .         Spirit   .     k - +0 cloak
rCorr  .         Warding  .     (no gloves)
rMut   .         Stasis   .     (no boots)
MR     .....                    (no amulet)
Stlth  ++........               j - ring of ice
                                d - +3 ring of protection

@: not resistant to hostile enchantments, unstealthy
A: no food or potions, fire vulnerability, cold resistance 1, negative energy
resistance 3, torment resistance, unbreathing
a: no special abilities


You were on level 2 of the Dungeon.
You were not hungry.

You visited 1 branch of the dungeon, and saw 2 of its levels.

You collected 125 gold pieces.

Inventory:

Hand Weapons
 l - a +0 mace (weapon)
Armour
 a - a +0 robe (worn)
 b - a +0 hat (worn)
 k - a +0 cloak (worn)
Jewellery
 d - a +3 ring of protection (left hand)
 j - a ring of ice (right hand)
Scrolls
 e - a scroll of amnesia {unknown}
 g - a scroll of teleportation {unknown}
 h - a scroll of enchant armour {unknown}
 i - a scroll of remove curse {unknown}
Books
 c - a book of Minor Magic

   Spells                             Type                      Level
   a - Magic Dart                     Conjuration                  1
   b - Blink                          Translocation                2
   c - Call Imp                       Summoning                    2
   d - Repel Missiles                 Charms/Air                   2
   e - Slow                           Hexes                        2
   f - Conjure Flame                  Conjuration/Fire             3
   g - Mephitic Cloud                 Conjuration/Poison/Air       3


   Skills:
 + Level 1.1 Fighting
 - Level 1.5 Dodging
 - Level 1.5 Stealth
 + Level 3.3 Spellcasting
 + Level 1.7 Conjurations
 + Level 1.0 Summonings
   Level 0.7 Translocations
 + Level 0.1 Air Magic
 + Level 0.1 Poison Magic


You had 2 spell levels left.
You knew the following spells:

 Your Spells              Type           Power        Failure   Level  Hunger
a - Magic Dart            Conj           #...         10%         1    N/A
b - Call Imp              Summ           #.......     17%         2    N/A
c - Mephitic Cloud        Conj/Pois/Air  #.......     34%         3    N/A

Dungeon Overview and Level Annotations

Branches:
Dungeon (2/15)

Altars:

Annotations:
D:2 Sigmund


Innate Abilities, Weirdness & Mutations

You do not eat or drink.
Your flesh is vulnerable to fire.
You are immune to poison.
Your flesh is cold resistant.
You are immune to negative energy.
You are immune to unholy pain and torment.
You can survive without breathing.


Message History

Your white imp hits Sigmund but does no damage.
You see here an adder corpse.
Sigmund barely misses your white imp.
Your white imp barely misses Sigmund.
Sigmund gestures at you while chanting.
Your white imp appears confused.
Casting: Call Imp
Confirm with . or Enter, or press ? or * to list all spells.
Aiming: Magic Dart
Press: ? - help, Shift-Dir - straight line, f/p - Sigmund
Aim: Sigmund, wielding an enchanted scythe and wearing a robe The magic dart hits Sigmund.
Sigmund is lightly wounded.
Sigmund casts a spell at you. The puff of flame hits you!
The fire burns you terribly!
Ouch! That really hurt!
* * * LOW HITPOINT WARNING * * *
There is a stone staircase leading up here.
Sigmund points at you and mumbles some strange words.
The magic dart hits you!
You die...

#..........##...###
#..###(#....†..###
#.##.....#.###########
......÷..............).
....#.....#.###########
####........#
#.........# #......)..#
###...@.†...#
#...........#
...##.......## ## #
##..)..## ##. ##...##
###(. #@.### #....
#.#############....
####.###...@......†...
#.....#..###.)...##...


You could see Sigmund.

Vanquished Creatures
  Crazy Yiuf (D:2)
  An adder (D:2)
  A giant cockroach (D:1)
  5 goblins
  3 kobolds
  A giant newt (D:2)
  7 rats
19 creatures vanquished.

Notes
Turn   | Place    | Note
--------------------------------------------------------------
     0 | D:1      | Ishikawa the Mummy Wizard began the quest for the Orb.
     0 | D:1      | Reached XP level 1. HP: 13/13 MP: 4/4
    47 | D:1      | Reached skill level 1 in Conjurations
   376 | D:1      | Reached XP level 2. HP: 20/20 MP: 1/6
   384 | D:1      | Learned a level 2 spell: Call Imp
   654 | D:2      | Noticed Crazy Yiuf
   671 | D:2      | Killed Crazy Yiuf
   671 | D:2      | Reached skill level 1 in Fighting
   671 | D:2      | Reached XP level 3. HP: 24/26 MP: 1/7
   702 | D:2      | Learned a level 3 spell: Mephitic Cloud
   778 | D:2      | Reached skill level 1 in Summonings
   782 | D:2      | Noticed Sigmund
   814 | D:2      | Killed from afar by Sigmund

Vault maps used:
D:1:      scummos_arrival_gate
D:2:      cheibriados_altar_1, uniq_crazy_yiuf_cottage, uniq_jessica,
          uniq_sigmund

Action                   || total
-------------------------++-------
Melee: Club              ||    16
       Mace              ||    13
 Cast: Magic Dart        ||    18
       Call Imp          ||     4
 Stab: Sleeping          ||     1
